 Dungeon Crawl Stone Soup version 0.29-a0-911-g88e6f02907 (webtiles) character file.

Game seed: 1658106894274108190

84 inmateoo the Ruffian (level 4, -4/45 (51) HPs)
             Began as a Demonspawn Gladiator on July 26, 2022.
             Was an Initiate of Cheibriados.
             Slain by a wight
             ... wielding a +3 scimitar of freezing
              (5 damage)
             ... on level 4 of the Dungeon.
             The game lasted 00:03:13 (3043 turns).

inmateoo the Ruffian (Demonspawn Gladiator)         Turns: 3043, Time: 00:03:14

HP:   -4/45 (51)    AC: 22    Str: 17    XL:     4   Next: 23%
MP:   0/4           EV:  2    Int: 17    God:    Cheibriados [......]
Gold: 224           SH:  0    Dex: 17    Spells: 3/3 levels left

rFire   . . .      SeeInvis .     - Unarmed
rCold   . . .      Faith    .   (no shield)
rNeg    . . .      Spirit   +   (body armour currently unavailable)
rPois   +          Reflect  .   (helmet currently unavailable)
rElec   .          Harm     .   (cloak currently unavailable)
rCorr   .          Rampage  .   (gloves currently unavailable)
Will    .....      NoTele   +   (boots currently unavailable)
Stlth   +++.......              s - amulet of guardian spirit
HPRegen 0.15/turn               p - +6 ring of intelligence
MPRegen 0.09/turn               (no ring)

@: tree-form, heavily drained, very slow
A: stationary, stasis, torment immunity, boosted hp, thin skeletal structure 1,
powered by death 1
a: Renounce Religion


You were on level 4 of the Dungeon.
You worshipped Cheibriados.
Cheibriados was noncommittal.
You were a tree.
You visited 2 branches of the dungeon, and saw 5 of its levels.

You collected 224 gold pieces.

Inventory:

Missiles
 c - 3 throwing nets (quivered)
 d - a javelin
Armour
 a - a +0 leather armour (melded)
 b - a +0 helmet (melded)
 j - a +0 pair of gloves (melded)
 o - a +1 cloak (melded)
Jewellery
 p - a +6 ring of intelligence (left branch)
 s - an amulet of guardian spirit (around neck)
Scrolls
 g - 2 scrolls of poison
 h - a scroll of identify
Potions
 e - a potion of mutation
 i - a potion of haste
 k - a potion of might {unknown}
 t - a potion of heal wounds {unknown}


   Skills:
 + Level 2.6 Fighting
 - Level 1.7 Throwing
 + Level 1.3 Armour
 + Level 3.1 Dodging
 * Level 3.6 Unarmed Combat
 + Level 0.2 Spellcasting
 + Level 0.0 Invocations


You had 3 spell levels left.
You didn't know any spells.
Your spell library contained the following spells:

 Spells                   Type           Power      Damage    Failure   Level
 Shock                    Conj/Air       0%         1d3       24%         1
 Mephitic Cloud           Conj/Pois/Air  0%         N/A       56%         3
 Portal Projectile        Hex/Tloc       0%         N/A       56%         3
 Tukima's Dance           Hex            0%         N/A       56%         3
 Blade Hands              Tmut           0%         N/A       100%        5
 Lightning Bolt           Conj/Air       0%         1d11      100%        5
 Conjure Ball Lightning   Conj/Air       0%         3x3d6     100%        6


Dungeon Overview and Level Annotations

Branches:
Dungeon (4/15)             Temple (1/1) D:4

Altars:
Ashenzari
Cheibriados
Dithmenos
Gozag
Hepliaklqana
Makhleb
Nemelex Xobeh
Okawaru
Sif Muna
Uskayaw
Vehumet
Xom

Shops:
D:2 :


Innate Abilities, Weirdness & Mutations

You are a tree.
Your roots penetrate the ground, keeping you stationary.
You cannot be teleported.
You are immune to unholy pain and torment.
Your maximum health is greatly increased.
Your equipment is partially melded.
You have a somewhat thin skeletal structure. (Dex +2, Stealth+)
You regenerate a little health from kills.


Message History

The wight attacks as you move away!
The wight hits you with a +3 scimitar of freezing.
The wight freezes you.
You closely miss the wight. The wight closely misses you.
You hit the wight but do no damage. The wight misses you.
You closely miss the wight.
The wight hits you with a +3 scimitar of freezing.
You feel drained. The wight freezes you.
You punch the wight!
The wight is heavily damaged.
The wight hits you with a +3 scimitar of freezing!
You feel drained. The wight freezes you.
* * * LOW HITPOINT WARNING * * *
You are too injured to fight recklessly!
You closely miss the wight.
The wight is heavily damaged.
The wight hits you with a +3 scimitar of freezing.
* * * LOW HITPOINT WARNING * * *
You feel drained.
* * * LOW HITPOINT WARNING * * *
The wight freezes you.
* * * LOW HITPOINT WARNING * * *
You hit the wight.
The wight is heavily damaged.
The wight misses you.
You are too injured to fight recklessly!
Really quaff the potion of lignification?
You turn into a tree.
Your +1 cloak melds into your body.
Your +0 helmet melds into your body.
Your +0 pair of gloves melds into your body.
Your +0 leather armour melds into your body.
Your roots penetrate the ground.
The wight hits you with a +3 scimitar of freezing.
* * * LOW HITPOINT WARNING * * *
The wight freezes you.
* * * LOW HITPOINT WARNING * * *
You hit the wight but do no damage.
The wight is heavily damaged.
The wight hits you with a +3 scimitar of freezing.
You die...

#.#.####........ .
#.............
#######......###. #
#................
##.#.#####......####
#..............##
#.......######.#
........#### #†#
...#.##....# #♣# ..
#. ####.###z# . #
#####.#K#.# .
#.....#$#.##....
#.###.#)......... #
#.#.#.#######
#...###.#.#.....
#................
<.#######.#...#.#


You could see a wight.

Vanquished Creatures
  An adder (D:2)
  An ufetubus (D:4)
  2 worms
  2 dart slugs
  6 ball pythons
  7 endoplasms
  5 giant cockroaches
  4 goblins
  6 hobgoblins
  6 kobolds
  3 quokkas
  2 bats (D:2)
  4 frilled lizards
  5 rats
54 creatures vanquished.

Notes
Turn   | Place    | Note
-------+----------+-------------------------------------------
     0 | D:1      | inmateoo the Demonspawn Gladiator began the quest for the
                  | Orb.
     0 | D:1      | Reached XP level 1. HP: 16/16 MP: 1/1
   336 | D:1      | Gained mutation: You regenerate a little health from kills.
                  | [demonic ancestry]
   336 | D:1      | Reached XP level 2. HP: 22/22 MP: 2/2
   931 | D:1      | Gained mutation: You have a somewhat thin skeletal
                  | structure. (Dex +2, Stealth+) [demonic ancestry]
   931 | D:1      | Reached XP level 3. HP: 25/28 MP: 3/3
   992 | D:1      | Found a faded altar of an unknown god.
  1188 | D:2      | Reached skill level 1 in Armour
  1462 | D:2      | Found a broken altar of Ashenzari.
  1508 | D:2      | Found Qunaf's Book Emporium.
  2091 | D:3      | Found a burning altar of Makhleb.
  2205 | D:3      | Reached XP level 4. HP: 33/34 MP: 4/4
  2469 | D:4      | Found a staircase to the Ecumenical Temple.
  2479 | D:4      | Got the Vellum of Putrid Combat Magic
  2482 | Temple   | Entered the Ecumenical Temple
  2725 | Temple   | Became a worshipper of Cheibriados the Contemplative
  2819 | D:4      | Found an opulent altar of Gozag.
  2910 | D:4      | Noticed a necrophage
  3042 | D:4      | HP: 1/45 [wight/+3 scimitar of freezing (2)]
  3043 | D:4      | Slain by a wight

Illustrated notes

Levels and vault maps discovered:
D:1:      dpeg_arrival_boxes_within_box, layout_rooms,
          ebering_ecumenical_altar_ruins, st_stairs_12
D:2:      layout_loops_cross, serial_shops, shop, basic_altar
D:3:      layout_rooms, amcnicky_altar_gilded, patterned_corridor
D:4:      layout_basic, grunt_gozag_statues, minmay_temple_entry_offerings
Temple:   nicolae_temple_figure_eight

Skill      XL: |  1  2  3 |
---------------+----------+-----
Unarmed Combat | 3 |  3.6
Armour         | 1 |  1.3
Dodging        | 3 |  3.1
Fighting       | |  2.6
Throwing       | |  1.7
Spellcasting   | |  0.2

Action                   |  1- 3 |  4- 6 || total
-------------------------+-------+-------++-------
Melee: Unarmed           |   179 |    42 ||   221
       Punch             |     1 |       ||     1
  Use: Scroll            |     9 |     2 ||    11
       Potion            |       |     1 ||     1
 Stab: Sleeping          |     5 |     2 ||     7
Armor: Leather armour    |    56 |    15 ||    71
Dodge: Dodged            |    93 |    37 ||   130

Table legend: (Time is in decaauts)
 A = Elapsed time spent in this place.
 B = Non-inter-level travel time spent in this place.
 C = Inter-level travel time spent in this place.
 D = Time resting spent in this place.
 E = Time spent auto-exploring this place.
 F = Levels seen in this place.
 G = Mean time per level.
                   A        B        C        D        E       F      G
               +--------+--------+--------+--------+--------+-----+--------+
         Total |   3077 |   2934 |    143 |    713 |   1607 |   5 |  615.4 |
       Dungeon |   2785 |   2727 |     58 |    713 |   1401 |   4 |  696.2 |
        Temple |    292 |    208 |     84 |      0 |    206 |   1 |  292.0 |
               +--------+--------+--------+--------+--------+-----+--------+

Top non-repeatable levels by time:
     D:1: 1127 daAuts
     D:2: 750 daAuts
     D:3: 576 daAuts
     D:4: 330 daAuts
  Temple: 292 daAuts
